 Dungeon Crawl Stone Soup version 0.23.2-30-g0e89c35649 (webtiles) character file.

Game seed: 12441149348182511682

3740 troglodite the Destroyer (level 10, -1/54 HPs)
             Began as an Octopode Conjurer on June 14, 2019.
             Was an Elder of Hepliaklqana.
             Slain by a troll (9 damage)
             ... on level 9 of the Dungeon on June 16, 2019.
             The game lasted 00:48:31 (10854 turns).

troglodite the Destroyer (Octopode Conjurer)       Turns: 10854, Time: 00:48:32

Health: -1/54      AC:  4    Str: 11    XL:     10   Next: 15%
Magic:  3/18       EV: 16    Int: 25    God:    Hepliaklqana [****..]
Gold:   97         SH:  0    Dex: 14    Spells: 2/20 levels left

rFire    . . .     SeeInvis +   p - +9 war axe of Peace {freeze, rElec rC+ Str+4}
rCold    + . .     Gourm    .   (no shield)
rNeg     + + .     Faith    .   F - +1 hat
rPois    .         Spirit   .   (no amulet)
rElec    +         Reflect  .   e - ring of positive energy
rCorr    .         Harm     .   v - ring of see invisible
MR       .....                  G - ring of positive energy
Stlth    +++++.....             K - ring "Veqeuniz" {+Blink Int+5}
HPRegen  0.18/turn              H - +2 ring of protection
MPRegen  0.16/turn              (no ring)
                                (no ring)
                                (no ring)

@: very slightly contaminated
A: almost no armour, stealthy swim, amphibious, 8 rings, constrict 8, reduced
essence, camouflage 1, gelatinous body 1
a: Recall Ancestor, Ancestor Identity, Transference, Idealise, Renounce
Religion, Evoke Blink


You were on level 9 of the Dungeon.
You worshipped Hepliaklqana.
Hepliaklqana was greatly pleased with you.
You were near starving.

You visited 1 branch of the dungeon, and saw 9 of its levels.

You collected 347 gold pieces.
You spent 250 gold pieces at shops.

Inventory:

Hand Weapons
 d - a +3 dagger of venom
 p - the +9 war axe of Peace (weapon) {freeze, rElec rC+ Str+4}
   (You found it on level 8 of the Dungeon)

   It has been specially enchanted to freeze those struck by it, causing extra
   injury to most foes and up to half again as much damage against particularly
   susceptible opponents.
   It can also slow down cold-blooded creatures.
   It affects your strength (+4).
   It protects you from cold.
   It insulates you from electricity.
Armour
 F - a +1 hat (worn)
Magical Staves
 f - an uncursed staff of death
 s - an uncursed staff of conjuration
Jewellery
 e - a ring of positive energy (left tentacle)
 v - a ring of see invisible (right tentacle)
 G - a ring of positive energy (on tentacle)
 H - a +2 ring of protection (on tentacle)
 K - the ring "Veqeuniz" (on tentacle) {+Blink Int+5}
   (You found it on level 8 of the Dungeon)

   [ring of intelligence]

   It affects your intelligence (+5).
   It lets you blink.
Wands
 w - a wand of paralysis (8)
 E - a wand of acid (11)
 I - a wand of disintegration (12)
 L - a wand of clouds (3)
Scrolls
 a - 2 scrolls of enchant weapon
 c - a scroll of noise {unknown}
 j - 4 scrolls of teleportation
 k - 5 scrolls of remove curse
 l - 4 scrolls of magic mapping {unknown}
 q - 3 scrolls of amnesia
 y - a scroll of blinking {unknown}
 C - a scroll of fear {unknown}
 D - 3 scrolls of identify
 J - a scroll of random uselessness {unknown}
Potions
 g - 3 potions of agility
 h - a potion of mutation
 i - a potion of resistance
 m - a potion of brilliance {unknown}
 n - 2 potions of curing
 o - a potion of haste {unknown}
 r - a potion of cancellation {unknown}
 t - 2 potions of invisibility {unknown}
 u - a potion of lignification {unknown}
 x - 3 potions of magic
 z - a potion of might {unknown}
 A - 3 potions of flight
 B - a potion of degeneration {unknown}
Comestibles
 b - 7 rations


   Skills:
 + Level 2.6 Fighting
 - Level 0.8 Short Blades
 + Level 2.5 Axes
 * Level 4.2 Staves
 * Level 5.0 Dodging
 * Level 7.5 Stealth
 * Level 5.8 Spellcasting
 * Level 8.0 Conjurations
 * Level 4.0 Hexes
 * Level 3.3 Translocations
 * Level 1.2 Fire Magic


You had 2 spell levels left.
You knew the following spells:

 Your Spells              Type           Power        Failure   Level  Hunger
a - Magic Dart            Conj           ####         1%          1    None
b - Searing Ray           Conj           #####.       1%          2    None
c - Fulminant Prism       Conj/Hex       #####.....   6%          4    ###....
d - Force Lance           Conj/Tloc      #####...     7%          4    ###....
e - Iskenderun's Mystic   Conj           #####...     2%          4    ###....
f - Conjure Flame         Conj/Fire      ####....     3%          3    #......

Your spell library contained the following spells:

 Spells                   Type           Power        Failure   Level  Hunger
 Blink                    Tloc           N/A          2%          2    None
 Slow                     Hex            ####....     2%          2    None
 Call Imp                 Summ           #.......     12%         2    None
 Dazzling Spray           Conj/Hex       #####.       1%          3    #......
 Mephitic Cloud           Conj/Pois/Air  ###.....     8%          3    #......


Dungeon Overview and Level Annotations

Branches:
Dungeon (9/15)             Temple (0/1) D:6            Lair (0/6) D:8
    Orc: D:9-12

Altars:
Ashenzari
Cheibriados
Elyvilon
Hepliaklqana
Nemelex Xobeh
Ru
Sif Muna
Uskayaw
Wu Jian
Xom
Yredelemnul
Zin

Shops:
D:4 *   D:6 *   D:8 *

Annotations:
D:4 1 runed translucent door, kalagan's ghost, amateur DEEE


Innate Abilities, Weirdness & Mutations

You cannot wear most types of armour.
You are very stealthy in the water. (Stealth+)
You are amphibious.
You can wear up to eight rings at the same time.
You can use your tentacles to constrict eight enemies at once.
Your skin changes colour to match your surroundings (Stealth+).
Your rubbery body absorbs attacks. (AC +1, EV +1)
Your life essence is reduced to manifest your ancestor. (-10% HP)


Message History

You hear an indistinct dissonance whispering inside your mind.
Casting: Fulminant Prism (safe; 6% risk of failure)
Confirm with . or Enter, or press ? or * to list all spells.
Aiming: Searing Ray (safe; 1% risk of failure)
Press: ? - help, Shift-Dir - straight line, f - troll
Aim: a troll (heavily wounded)
The searing ray misses the troll. (Press . to maintain the ray.)
The troll bites you! The troll claws you.
The troll claws you but does no damage.
The searing ray hits the troll.
The troll is heavily wounded.
The troll bites you! The troll misses you. The troll claws you.
* * * LOW HITPOINT WARNING * * *
The searing ray hits the troll!
The troll is severely wounded.
The troll bites you but does no damage. The troll claws you!
* * * LOW HITPOINT WARNING * * *
The troll claws you!
You die...

......#..
......#.#####.#
..............#
#.# #.# #.# #.#
######.#
#.@T...#
#.###### ...
####


You could see a troll.

Vanquished Creatures
  A two-headed ogre (D:9)
  Grinder (D:5)
  A wyvern (D:5)
  A yak (D:9)
  2 hungry ghosts (D:7)
  2 sky beasts (D:8)
  2 phantoms (D:4)
  An ogre (D:7)
  A centaur (D:6)
  A scorpion (D:2)
  8 wights
  A howler monkey (D:5)
  4 crimson imps
  A bullfrog zombie (D:5)
  2 hounds
  3 centaur zombies
  3 orc priests
  Crazy Yiuf (D:7)
  4 orc wizards
  Jessica (D:2)
  2 worker ants
  A hound skeleton (D:5)
  A gnoll (D:5)
  8 adders
  A shadow imp (D:8)
  3 worms
  An adder skeleton (D:5)
  A dart slug (D:2)
  A leopard gecko (D:5)
  18 orcs
  8 bats (D:1)
  2 giant cockroaches (D:4)
  A goblin (D:1)
  4 hobgoblins
  9 jackals
  4 quokkas
  3 frilled lizards
  A jackal zombie (D:6)
  5 kobolds
  A quokka skeleton (D:7)
  10 rats
126 creatures vanquished.

Vanquished Creatures (collateral kills)
  A sky beast (D:7)
  2 ogres (D:5)
  A bullfrog (D:8)
  2 wights (D:8)
  A centaur zombie (D:6)
  2 hounds
  An orc wizard (D:7)
  A worker ant (D:4)
  2 gnolls (D:5)
  A dart slug (D:4)
  7 orcs
  3 jackals
  2 frilled lizards (D:3)
26 creatures vanquished.

Vanquished Creatures (others)
  5 hexers
  An ancestor (D:4)
  A fulminant prism (D:9)
  A withered plant (D:4)
8 creatures vanquished.

Grand Total: 160 creatures vanquished

Notes
Turn   | Place    | Note
-------+----------+-------------------------------------------
     0 | D:1      | troglodite the Octopode Conjurer began the quest for the
                  | Orb.
     0 | D:1      | Reached XP level 1. HP: 11/11 MP: 3/3
   272 | D:1      | Reached XP level 2. HP: 11/17 MP: 5/5
   295 | D:1      | Learned a level 2 spell: Searing Ray
   747 | D:2      | Noticed a scorpion
   780 | D:2      | Killed a scorpion
   780 | D:2      | Reached XP level 3. HP: 1/21 MP: 0/6
   780 | D:2      | Reached XP level 4. HP: 2/27 MP: 0/7
   785 | D:2      | Reached skill level 5 in Conjurations
  1053 | D:2      | Found a hazy altar of Hepliaklqana.
  1163 | D:2      | Became a worshipper of Hepliaklqana the Forgotten
  1299 | D:2      | Found a shattered altar of Ashenzari.
  1401 | D:2      | Noticed Jessica
  1407 | D:2      | Killed Jessica
  1534 | D:2      | Reached XP level 5. HP: 27/27 MP: 5/8
  1545 | D:2      | Learned a level 4 spell: Fulminant Prism
  1561 | D:2      | Found a faded altar of an unknown god.
  1769 | D:3      | Reached * piety under Hepliaklqana
  2231 | D:3      | Found a sacrificial altar of Ru.
  3192 | D:4      | Reached skill level 1 in Hexes
  3192 | D:4      | Reached XP level 6. HP: 15/32 MP: 4/9
  3543 | D:4      | Noticed a phantom
  4295 | D:4      | Killed a phantom
  4321 | D:4      | Reached skill level 1 in Staves
  4321 | D:4      | Reached skill level 5 in Stealth
  4650 | D:4      | Reached skill level 1 in Fighting
  4748 | D:4      | Found a hide-covered altar of Uskayaw.
  4804 | D:4      | Reached XP level 7. HP: 38/38 MP: 6/11
  5116 | D:4      | Learned a level 4 spell: Force Lance
  5156 | D:4      | Found a runed translucent door.
  5156 | D:4      | Noticed kalagan's ghost (amateur DEEE)
  5187 | D:4      | Reached ** piety under Hepliaklqana
  5188 | D:4      | Remembered your ancestor Decima as a hexer
  5246 | D:4      | Found Siqeyn's Assorted Antiques.
  5461 | D:5      | Entered Level 5 of the Dungeon
  5461 | D:5      | Noticed a wyvern
  5464 | D:5      | Found a glowing silver altar of Zin.
  5466 | D:5      | Reached skill level 6 in Conjurations
  5474 | D:5      | Killed a wyvern
  5668 | D:5      | Reached skill level 1 in Translocations
  5668 | D:5      | Reached XP level 8. HP: 43/43 MP: 1/13
  6484 | D:5      | Found a deep blue altar of Sif Muna.
  6539 | D:5      | Noticed Grinder
  6548 | D:5      | Paralysed by Grinder for 3 turns
  6567 | D:5      | Killed Grinder
  6576 | D:5      | Found a basalt altar of Yredelemnul.
  7141 | D:6      | Reached skill level 7 in Conjurations
  7534 | D:6      | Found a staircase to the Ecumenical Temple.
  7717 | D:6      | Reached *** piety under Hepliaklqana
  7893 | D:6      | Found Peyded's General Store.
  7909 | D:6      | Reached XP level 9. HP: 48/48 MP: 12/16
  8235 | D:6      | Found a white marble altar of Elyvilon.
  8422 | D:6      | Learned a level 4 spell: Iskenderun's Mystic Blast
  8427 | D:7      | Found a sparkling altar of Nemelex Xobeh.
  8509 | D:7      | Reached skill level 5 in Spellcasting
  8741 | D:7      | Found a runed translucent door.
  8742 | D:7      | Noticed Crazy Yiuf
  8824 | D:7      | Killed Crazy Yiuf
  8967 | D:7      | Found an ornate altar of the Wu Jian Council.
  9058 | D:8      | You fall through a shaft!
  9086 | D:9      | Found a shimmering altar of Xom.
  9278 | D:8      | Got a dazzling war axe
  9279 | D:8      | Identified the +9 war axe of Peace {freeze, rElec rC+
                  | Str+4} (You found it on level 8 of the Dungeon)
  9300 | D:8      | Found Bucleshroo's Hallowed Reliquary.
  9300 | D:8      | Found a white marble altar of Elyvilon.
  9300 | D:8      | Noticed an angel
  9311 | D:8      | Bought an uncursed ring of positive energy for 200 gold
                  | pieces
  9311 | D:8      | Bought a potion of heal wounds for 50 gold pieces
  9401 | D:8      | Reached **** piety under Hepliaklqana
  9442 | D:8      | Got a steaming copper ring
  9448 | D:8      | Found a snail-covered altar of Cheibriados.
  9462 | D:8      | Identified the ring "Veqeuniz" {+Blink Int+5} (You found it
                  | on level 8 of the Dungeon)
  9701 | D:8      | Reached skill level 1 in Axes
  9808 | D:8      | Found a staircase to the Lair.
 10049 | D:8      | Learned a level 3 spell: Conjure Flame
 10087 | D:9      | Noticed a two-headed ogre
 10102 | D:9      | Killed a two-headed ogre
 10102 | D:9      | Reached skill level 5 in Dodging
 10102 | D:9      | Reached skill level 8 in Conjurations
 10102 | D:9      | Reached skill level 1 in Fire Magic
 10102 | D:9      | Reached XP level 10. HP: 13/54 MP: 6/18
 10352 | D:9      | HP: 1/54 [yak (16)]
 10854 | D:9      | Slain by a troll

Skill      XL: |  1  2  3  4  5  6  7  8  9 10 |
---------------+-------------------------------+-----
Stealth        | 3 4 5 6 7 |  7.5
Conjurations   | 5 6 7 8 |  8.0
Hexes          | 1 2 3 4 |  4.0
Dodging        | 3 4 5 |  5.0
Staves         | 1 2 3 4 |  4.2
Fighting       | 1 2 |  2.6
Spellcasting   | 3 4 5 |  5.8
Translocations | 1 2 3 |  3.3
Axes           | 2 |  2.5
Fire Magic     | 1 |  1.2
Short Blades   | |  0.8

Action                   |  1- 3 |  4- 6 |  7- 9 | 10-12 || total
-------------------------+-------+-------+-------+-------++-------
Melee: Dagger            |    16 |    29 |       |       ||    45
       Constrict         |     6 |    11 |     9 |       ||    26
       Tentacles         |     3 |    10 |    12 |       ||    25
       Staff             |       |    35 |    45 |       ||    80
       War axe           |       |       |    25 |     3 ||    28
 Cast: Magic Dart        |    20 |    58 |   155 |     2 ||   235
       Searing Ray       |       |     8 |    27 |     5 ||    40
       Iskenderun's Myst |       |       |     3 |       ||     3
       Fulminant Prism   |       |       |       |     1 ||     1
Invok: Recall Ancestor   |       |     1 |     4 |       ||     5
       Ancestor Life: He |       |       |     1 |       ||     1
  Use: Potion            |       |     3 |       |     1 ||     4
       Scroll            |       |       |     9 |     2 ||    11
 Stab: Sleeping          |     3 |     3 |       |       ||     6
       Confused          |       |       |     1 |       ||     1
  Eat: Chunk             |       |     9 |    12 |     2 ||    23
       Ration            |       |     1 |     2 |       ||     3
Armor: Skin              |     3 |     5 |     6 |     6 ||    20
Dodge: Dodged            |    10 |    52 |    95 |    13 ||   170
